 Dungeon Crawl Stone Soup version 0.31-a0-229-g1fc7ce93e2 (webtiles) character file.

Game seed: 8142121421959275870

46 qw the Shooter (level 3, -5/29 HPs)
             Began as a Minotaur Hexslinger on July 6, 2023.
             Slain by a gnoll
             ... wielding a +0 spear
              (7 damage)
             ... on level 2 of the Dungeon.
             The game lasted 00:00:20 (716 turns).

qw the Shooter (Minotaur Hexslinger)                 Turns: 716, Time: 00:00:20

Health: -5/29      AC:  9    Str: 12    XL:     3   Next: 46%
Magic:  3/3        EV: 11    Int: 10    God:
Gold:   19         SH:  0    Dex: 14    Spells: 3/4 levels left

rFire   . . .        Y - +1 sling
rCold   . . .        (no shield)
rNeg    . . .        e - +0 ring mail
rPois   .            (helmet restricted)
rElec   .            (no cloak)
rCorr   .            (no gloves)
SInv    .            (no boots)
Will    .....        (no amulet)
Stlth   +            g - +4 ring of protection
HPRegen 0.24/turn    (no ring)
MPRegen 0.08/turn

%: no passive effects
@: no status effects
A: horns 2, retaliatory headbutt
a: no special abilities


You were on level 2 of the Dungeon.
You visited 1 branch of the dungeon, and saw 2 of its levels.

You collected 45 gold pieces.
You spent 26 gold pieces at shops.


Innate Abilities, Weirdness & Mutations

You have a pair of horns on your head.
You reflexively headbutt those who attack you in melee.


   Skills:
 - Level 2.0 Fighting
 - Level 4.0 Ranged Weapons
 + Level 0.0 Armour
 - Level 2.1 Dodging
 - Level 1.0 Spellcasting
 - Level 2.0 Hexes


You had 3 spell levels left.
You knew the following spells:

 Your Spells              Type           Power      Damage    Failure   Level
a - Slow                  Hex            16%        N/A       34%         1

Your spell library contained the following spells:

 Spells                   Type           Power      Damage    Failure   Level
 Inner Flame              Hex/Fire       2%         N/A       83%         3
 Portal Projectile        Hex/Tloc       4%         N/A       83%         3
 Cause Fear               Hex            2%         N/A       98%         4

Inventory:

Hand Weapons
 Y - a +1 sling (weapon)
Armour
 e - a +0 ring mail (worn)
Jewellery
 g - a +4 ring of protection (left hand)
Scrolls
 d - a scroll of identify
Potions
 h - a potion of mutation
 i - a potion of brilliance {unknown}

Dungeon Overview and Level Annotations

Branches:
Dungeon (2/15)

Altars:

Shops:
D:1 [=?


Message History

The gnoll is almost dead.
The gnoll hits you from afar with a +0 spear.
The gnoll hits you with a +0 club. The rat bites you but does no damage.
You shoot a sling bullet. The sling bullet hits the gnoll.
The gnoll is almost dead.
The gnoll barely misses you. The gnoll misses you.
The rat bites you but does no damage. x2; The gnoll hits you with a +0 club.
The gnoll hits you but does no damage.
You shoot a sling bullet. The sling bullet hits the gnoll.
You kill the gnoll!
The gnoll hits you from afar with a +0 spear.
The rat bites you but does no damage.
Your Ranged Weapons skill increases to level 4!
You shoot a sling bullet. The sling bullet hits the rat!
You kill the rat!
The gnoll hits you but does no damage.
You shoot a sling bullet.
The sling bullet barely misses the gnoll.
The gnoll hits you from afar with a +0 spear.
The gnoll misses you.
You shoot a sling bullet.
The sling bullet hits the gnoll but does no damage.
The gnoll hits you from afar with a +0 spear.
You shoot a sling bullet.
The sling bullet hits the gnoll but does no damage.
The gnoll misses you.
You shoot a sling bullet.
The sling bullet hits the gnoll but does no damage.
The gnoll hits you from afar with a +0 spear.
The gnoll barely misses you.
You shoot a sling bullet. The sling bullet hits the gnoll.
The gnoll is lightly wounded.
The gnoll closely misses you.
You shoot a sling bullet. The sling bullet hits the gnoll.
The gnoll is lightly wounded.
The gnoll hits you from afar with a +0 spear.
You shoot a sling bullet. The sling bullet hits the gnoll.
The gnoll is moderately wounded.
The gnoll hits you from afar with a +0 spear!
You die...

. #.##.#.#.###
.##.#........#
!#
...#..#.#.#.#
.#
#..#......#.#
.#
#..#.##.###.#
.# #..#.##.#
#.# .#
###..#>##.# #.#
.# #<.....##.#
#.##.###...
#.#.#####.#
#).@%......
#.#.#
#....###)###...
#.#.# #.... g#
#.#.# ##... .#
#.#.# ##.# ..
#.#.. .. ##
..#.# ##. #.


You could see a gnoll.

Vanquished Creatures
  2 gnolls (D:2)
  A dart slug (D:1)
  5 endoplasms
  5 giant cockroaches
  3 hobgoblins (D:1)
  3 bats (D:1)
  A kobold (D:1)
  5 rats
25 creatures vanquished.

Notes
Turn   | Place    | Note
-------+----------+-------------------------------------------
     0 | D:1      | qw the Minotaur Hexslinger began the quest for the Orb.
     0 | D:1      | Reached XP level 1. HP: 16/16 MP: 1/1
     0 | D:1      | 0 ||| qw: Version: 0.3-a-46-gb1f654a
     0 | D:1      | 0 ||| qw: Game counter: 1377
     0 | D:1      | 0 ||| qw: Melee chars always use a shield: true
     0 | D:1      | 0 ||| qw: God list: Okawaru
     0 | D:1      | 0 ||| qw: Allow faded altars: false
     0 | D:1      | 0 ||| qw: Do Orc after clearing Dungeon:15 true
     0 | D:1      | 0 ||| qw: Do second Lair branch before Depths: true
     0 | D:1      | 0 ||| qw: Lair rune preference: random
     0 | D:1      | 0 ||| qw: Goals: Normal
     0 | D:1      | 0 ||| PLANNING D:1-11
   104 | D:1      | Found Kinnel's Jewellery Shoppe.
   116 | D:1      | 116 ||| SHOPLISTING +4 ring of slaying (858 gold, have 15).
   116 | D:1      | 116 ||| SHOPLISTING amulet of regeneration (330 gold, have
                  | 15).
   116 | D:1      | 116 ||| SHOPLISTING amulet of the acrobat (330 gold, have
                  | 15).
   116 | D:1      | 116 ||| SHOPLISTING ring of fire (275 gold, have 15).
   116 | D:1      | 116 ||| SHOPLISTING ring of poison resistance (220 gold,
                  | have 15).
   116 | D:1      | 116 ||| SHOPLISTING ring of see invisible (165 gold, have
                  | 15).
   117 | D:1      | Found Dooskis's Armour Shoppe.
   122 | D:1      | 122 ||| SHOPLISTING +0 leather armour (22 gold, have 15).
   122 | D:1      | 122 ||| SHOPLISTING +0 ring mail (44 gold, have 15).
   122 | D:1      | 122 ||| SHOPLISTING +0 robe of positive energy (51 gold,
                  | have 15).
   122 | D:1      | 122 ||| SHOPLISTING +1 robe of fire resistance (139 gold,
                  | have 15).
   274 | D:1      | Reached skill level 3 in Ranged Weapons
   295 | D:1      | Reached XP level 2. HP: 23/23 MP: 2/2
   312 | D:1      | Found a faded altar of an unknown god.
   421 | D:1      | Found Sulas's Magic Scroll Emporium.
   430 | D:1      | 430 ||| SHOPLISTING 2 scrolls of identify (52 gold, have
                  | 45).
   430 | D:1      | 430 ||| SHOPLISTING scroll of brand weapon (123 gold, have
                  | 45).
   430 | D:1      | 430 ||| BUYING scroll of identify (26 gold).
   430 | D:1      | Bought a scroll of identify for 26 gold pieces
   430 | D:1      | 430 ||| SHOPLISTING scroll of teleportation (39 gold, have
                  | 19).
   589 | D:1      | 589 ||| UPGRADING to +0 ring mail.
   599 | D:1      | 599 ||| DROPPING +0 robe.
   600 | D:1      | 600 ||| UPGRADING to +4 ring of protection.
   601 | D:1      | 601 ||| READING scroll labelled XIDESE EXOG.
   606 | D:1      | 606 ||| READING 2 scrolls of identify.
   606 | D:1      | 606 ||| IDENTIFYING green potion
   607 | D:1      | 607 ||| DROPPING scroll of poison.
   653 | D:2      | Reached XP level 3. HP: 18/29 MP: 3/3
   709 | D:2      | Reached skill level 4 in Ranged Weapons
   711 | D:2      | HP: 5/29 [gnoll/+0 spear (5)]
   715 | D:2      | HP: 1/29 [gnoll/+0 spear (4)]
   716 | D:2      | Slain by a gnoll

Levels and vault maps discovered:
D:1:      erik_arrival_orb_chamber, layout_loops_ring,
          ebering_ecumenical_altar_ruins, serial_shops,
          nicolae_shop_getting_attention, shop, shop, st_stairs_10
D:2:      layout_loops_ring

Skill      XL: |  1  2  3 |
---------------+----------+-----
Ranged Weapons | 3 4 |  4.0
Fighting       | 2 |  2.0
Dodging        | |  2.1
Spellcasting   | |  1.0
Hexes          | |  2.0

Action                     || total
---------------------------++-------
   Fire: Sling             ||    81
    Use: Scroll            ||     2
 Armour: Robe              ||     5
         Ring mail         ||    11
  Dodge: Dodged            ||    28

Table legend:
 A = Non-vault XP
 B = Vault XP
 C = Vault XP percentage of total XP
 D = Non-vault monster count
 E = Vault monster count
 F = Vault count percentage of total count
                 A         B        C        D         E       F
            +---------+---------+-------+---------+---------+-------
      Total |      62 |       5 |   7.5 |      22 |       3 |  12.0
            +---------+---------+-------+---------+---------+-------
        D:1 |      27 |       5 |  15.6 |      16 |       3 |  15.8
        D:2 |      35 |       0 |   0.0 |       6 |       0 |   0.0
            +---------+---------+-------+---------+---------+-------
